 Dungeon Crawl Stone Soup version 0.27.1-1-g398f81649c (webtiles) character file.

Game seed: 14474996385977652537

72 H0rd4k the Insei (level 4, -1/28 HPs)
             Began as an Octopode Transmuter on Sept 8, 2021.
             Slain by a black bear (4 damage)
             ... on level 3 of the Dungeon on Sept 9, 2021.
             The game lasted 00:03:21 (2910 turns).

H0rd4k the Insei (Octopode Transmuter)              Turns: 2910, Time: 00:03:22

Health: -1/28      AC:  2    Str:  9    XL:     4   Next: 26%
Magic:  1/7        EV: 19    Int: 16    God:
Gold:   59         SH:  0    Dex: 17    Spells: 4/8 levels left

rFire    . . .     SeeInvis .     - Unarmed
rCold    . . .     Faith    .   (shield currently unavailable)
rNeg     . . .     Spirit   .   (helmet currently unavailable)
rPois    x         Reflect  .   (no amulet)
rElec    .         Harm     .   i - ring of wizardry
rCorr    +         Rampage  .   g - ring of resist corrosion
Will     .....                  (no ring)
Stlth    ++........             (no ring)
HPRegen  0.09/turn              (no ring)
MPRegen  0.10/turn              (no ring)
                                (no ring)
                                (no ring)

@: spider-form, very slightly contaminated
A: venomous fangs, almost no armour, (amphibious), 8 rings, tiny, (camouflage
1), (gelatinous body 1), (nimble swimmer 1), (tentacles)
a: End Transformation


You were on level 3 of the Dungeon.
You were a venomous arachnid creature.
You visited 1 branch of the dungeon, and saw 3 of its levels.

You collected 59 gold pieces.

Inventory:

Jewellery
 g - a ring of resist corrosion (right front leg)
 i - a ring of wizardry (left front leg)
Scrolls
 a - a scroll of fog {unknown}
 d - a scroll of magic mapping {unknown}
 e - a scroll of amnesia {unknown}
 f - a scroll of identify {unknown}
Potions
 b - a potion of magic {unknown}
 c - 2 potions of mutation {unknown}
 h - 2 potions of degeneration {unknown}


   Skills:
 + Level 1.2 Fighting
 + Level 2.4 Dodging
 - Level 1.1 Stealth
 + Level 4.0 Unarmed Combat
 * Level 2.5 Spellcasting
 * Level 2.2 Transmutations


You had 4 spell levels left.
You knew the following spells:

 Your Spells              Type           Power      Damage    Failure   Level
a - Beastly Appendage     Tmut           18%        N/A       9%          1
b - Spider Form           Tmut/Pois      2%         N/A       28%         3

Your spell library contained the following spells:

 Spells                   Type           Power      Damage    Failure   Level
 Wereblood                Tmut           9%         N/A       12%         2
 Ice Form                 Ice/Tmut       5%         N/A       58%         4


Dungeon Overview and Level Annotations

Branches:
Dungeon (3/15)

Altars:

Shops:
D:1 (   D:3 ?


Innate Abilities, Weirdness & Mutations

You are a venomous arachnid creature.
You have poisonous fangs.
You are tiny and dextrous.
Your spellcasting is less reliable in this form.
Your armour is entirely melded.
You are incapable of wielding weapons or throwing items.
You cannot wear most types of armour.
((You are amphibious.))
You can wear up to eight rings at the same time.
((Your skin changes colour to match your surroundings (Stealth+).))
((Your rubbery body absorbs attacks. (AC +1, EV +1)))
((You are camouflaged near water. (Stealth+)))
((You have tentacles for arms and can constrict up to eight enemies at once.))


Message History

i - a ring of wizardry (left tentacle)
g - a ring of resist corrosion (right tentacle)
There is an entrance to Ofite's Magic Scroll Shop here.
A bat and a black bear come into view.
Found a stone staircase leading down.
There is an entrance to Ofite's Magic Scroll Shop here.
There is an entrance to Ofite's Magic Scroll Shop here.
The black bear growls angrily.
Cast which spell? (? or * to list)
The spell is quite dangerous to cast (16% risk of failure)!
Continue anyway?
You miscast Spider Form.
You are very lightly contaminated with residual magic.
Your body is twisted painfully.
The bat closely misses you.
Casting: Spider Form (quite dangerous; 16% risk of failure)
Confirm with . or Enter, or press ? or * to list all spells.
The spell is quite dangerous to cast (16% risk of failure)!
Continue anyway?
You turn into a venomous arachnid creature.
The bat closely misses you. The bat misses you.
You hit the bat.
The bat is poisoned.
The bat is severely wounded.
You kill the bat!
You hit the black bear but do no damage.
The black bear is poisoned.
The black bear bites you. The black bear misses you. The black bear claws you.
You hit the black bear but do no damage.
The black bear looks even sicker.
The black bear closely misses you. The black bear misses you.
The black bear completely misses you.
You completely miss the black bear. The black bear closely misses you.
The black bear claws you. x2
You hit the black bear.
The black bear looks as sick as possible!
The black bear is moderately wounded.
The black bear misses you. The black bear claws you. x2
You hit the black bear but do no damage.
The black bear looks as sick as possible!
The black bear is moderately wounded.
The black bear bites you!
* * * LOW HITPOINT WARNING * * *
The black bear claws you.
You die...

#... #... #...
##... #... #..
#.# #######
#s# #.#...#
#h#
#.#.#####.#
#.<...∩...#
###.####...#
#.# ..⌠..# #..
.........
####...>......
#..........


You could see a black bear (extremely poisoned).

Vanquished Creatures
  Robin (D:2)
  2 adders (D:2)
  2 ball pythons (D:1)
  4 endoplasms
  12 goblins
  5 hobgoblins
  2 jackals (D:1)
  3 kobolds
  2 quokkas
  3 bats
  A frilled lizard (D:1)
  A rat (D:1)
38 creatures vanquished.

Notes
Turn   | Place    | Note
-------+----------+-------------------------------------------
     0 | D:1      | H0rd4k the Octopode Transmuter began the quest for the Orb.
     0 | D:1      | Reached XP level 1. HP: 13/13 MP: 3/3
   153 | D:1      | Found a faded altar of an unknown god.
   185 | D:1      | Found Luumeypo's Weapon Shop.
   240 | D:1      | Reached skill level 1 in Stealth
   391 | D:1      | Reached XP level 2. HP: 16/18 MP: 5/5
  1289 | D:2      | Reached XP level 3. HP: 20/23 MP: 6/6
  1489 | D:2      | Learned a level 3 spell: Spider Form
  1785 | D:2      | Noticed Robin
  2520 | D:2      | Killed Robin
  2521 | D:2      | Reached XP level 4. HP: 13/28 MP: 0/7
  2724 | D:2      | Reached skill level 4 in Unarmed Combat
  2876 | D:3      | Found Ofite's Magic Scroll Shop.
  2884 | D:3      | Noticed a black bear
  2910 | D:3      | Slain by a black bear

Illustrated notes

Levels and vault maps discovered:
D:1:      eino_arrival_tree_alley, layout_basic,
          hellmonk_ecumenical_altar_leap_of_faith, serial_shops,
          nicolae_shop_behind_doors
D:2:      layout_basic, uniq_robin
D:3:      layout_loops_corners, mainiacjoe_overflow_chevrons,
          nemelex_xobeh_ov_fountains_minmay, marbit_many_paths,
          gup_sewer_entry_spiral, serial_glass, glass_columns_a,
          glass_columns_c, glass_columns_c, glass_columns_b, glass_columns_a,
          glass_columns_a, minmay_strange_pillars, item_on_display_a,
          feat_on_display, serial_shops, nicolae_lakefront_shop, shop,
          nicolae_shop_behind_doors, nicolae_shop_crystal,
          chequers_serial_rivers_room_a, grunt_ministairs_1

Skill      XL: |  1  2  3  4 |
---------------+-------------+-----
Stealth        | 1 |  1.1
Unarmed Combat | 4 |  4.0
Fighting       | |  1.2
Dodging        | |  2.4
Spellcasting   | |  2.5
Transmutations | |  2.2

Action                   |  1- 3 |  4- 6 || total
-------------------------+-------+-------++-------
Melee: Unarmed           |    93 |    13 ||   106
       Constrict         |    19 |       ||    19
       Tentacles         |     8 |     1 ||     9
 Cast: Spider Form       |     1 |     1 ||     2
 Stab: Sleeping          |     6 |     1 ||     7
Armor: Skin              |     8 |       ||     8
Dodge: Dodged            |    64 |    12 ||    76
